 Dungeon Crawl Stone Soup version 0.31-a0-232-gb1c03b2570 (webtiles) character file.

Game seed: 1624424608909687742

402 qw the Shooter (level 6, -12/38 HPs)
             Began as a Gargoyle Hexslinger on July 7, 2023.
             Mangled by Blork the orc
             ... wielding a +0 dire flail
              (15 damage)
             ... on level 4 of the Dungeon.
             The game lasted 00:01:15 (3183 turns).

qw the Shooter (Gargoyle Hexslinger)                Turns: 3183, Time: 00:01:16

Health: -12/38     AC:  7    Str:  8    XL:     6   Next: 85%
Magic:  16/16      EV: 11    Int: 13    God:
Gold:   224        SH:  0    Dex: 14    Spells: 6/7 levels left

rFire   + + .        d - +3 arbalest (elec)
rCold   + + .        (shield currently unavailable)
rNeg    + + +        e - +0 leather armour
rPois   inf          (no helmet)
rElec   +            g - scarf {rC+ rF+}
rCorr   .            (no gloves)
SInv    .            (no boots)
Will    .....        (no amulet)
Stlth   +            c - ring of Lady Luck {rF+ rC+ rN+++ MP+9 Str-4}
HPRegen 0.26/turn    (no ring)
MPRegen 0.15/turn

%: no passive effects
@: no status effects
A: sickness immunity, AC +4, negative energy resistance 1, electricity
resistance, torment resistance 1, petrification resistance
a: no special abilities


You were on level 4 of the Dungeon.
You visited 1 branch of the dungeon, and saw 4 of its levels.

You collected 224 gold pieces.


Innate Abilities, Weirdness & Mutations

You are immune to sickness and miasma.
Your stone body is resilient. (AC +4)
You are immune to poison.
You resist negative energy. (rN+)
You are resistant to electric shocks. (rElec)
You are resistant to unholy torment.
You are immune to petrification.


   Skills:
 - Level 4.0 Fighting
 + Level 6.1 Ranged Weapons
 - Level 1.5 Dodging
 - Level 1.0 Spellcasting
 - Level 2.6 Hexes


You had 6 spell levels left.
You knew the following spells:

 Your Spells              Type           Power      Damage    Failure   Level
a - Slow                  Hex            28%        N/A       14%         1

Your spell library contained the following spells:

 Spells                   Type           Power      Damage    Failure   Level
 Inner Flame              Hex/Fire       4%         N/A       56%         3
 Portal Projectile        Hex/Tloc       8%         N/A       56%         3
 Cause Fear               Hex            3%         N/A       80%         4

Inventory:

Hand Weapons
 d - a +3 arbalest of electrocution (weapon)
Armour
 e - a +0 leather armour (worn)
 g - a scarf of resistance (worn)
Jewellery
 c - the ring of Lady Luck (left hand) {rF+ rC+ rN+++ MP+9 Str-4}
   (You found it on level 3 of the Dungeon)

   [ring of magical power]

   Str:       It affects your strength (-4).
   rF:        It protects you from fire.
   rC:        It protects you from cold.
   rN:        It renders you almost immune to negative energy.
   MP:        It affects your magic capacity (+9).
 k - a ring of willpower
Scrolls
 f - a scroll of vulnerability {unknown}
 i - 3 scrolls of enchant armour
 j - a scroll of identify
 l - a scroll of teleportation {unknown}
Potions
 a - 2 potions of curing
 b - a potion of haste {unknown}
 h - a potion of attraction {unknown}

Dungeon Overview and Level Annotations

Branches:
Dungeon (4/15)
 Temple: D:4-7

Altars:
Cheibriados
Uskayaw
Xom

Annotations:
D:4 Blork the orc


Message History

Enter note:
Enter note:
Enter note: You shoot a bolt.
The bolt closely misses Blork the orc.
Blork the orc casts a spell at you. The magic dart hits you.
You shoot a bolt. The bolt barely misses Blork the orc.
Blork the orc points at you and mumbles some strange words.
The puff of flame hits you but does no damage.
You shoot a bolt. The bolt barely misses Blork the orc.
You shoot a bolt. The bolt barely misses Blork the orc.
You shoot a bolt. The bolt barely misses Blork the orc.
Blork the orc closely misses you.
You shoot a bolt.
The bolt completely misses Blork the orc.
Blork the orc hits you with a +0 dire flail.
Blork the orc casts a spell at you.
The magic dart hits you but does no damage.
You shoot a bolt. The bolt barely misses Blork the orc.
Blork the orc looks encouraged for a moment.
Blork the orc barely misses you.
You shoot a bolt. The bolt hits Blork the orc.
Blork the orc is lightly wounded.
Blork the orc hits you with a +0 dire flail.
You shoot a bolt. The bolt hits Blork the orc.
Lightning courses through Blork the orc!
Blork the orc is severely wounded.
Blork the orc closely misses you.
Blork the orc gestures at you while chanting.
The magic dart hits you!
You shoot a bolt. The bolt closely misses Blork the orc.
Blork the orc hits you with a +0 dire flail! x2
You shoot a bolt. The bolt barely misses Blork the orc.
Blork the orc screams, "I'll eat your brain!
And then I'll vomit it back up!"
Blork the orc closely misses you.
You shoot a bolt. The bolt barely misses Blork the orc.
Blork the orc points at you and mumbles some strange words.
The puff of flame hits you. You resist.
Blork the orc hits you with a +0 dire flail!
You die...

+##..####......).....
.....................#
............########.#
..................##.#
...#####)............#
...# #.........>..#
.>..................#
....................####
....).......#..)@......#
... ........#...o......#
... .......#..........#
... ......#..........#
... ... #..........# ...
#..).......# ...
#..........# ...
#..........# ###


You could see Blork the orc.

Vanquished Creatures
  2 black bears (D:4)
  A hound (D:4)
  4 gnolls
  2 adders
  2 worms
  A dart slug (D:4)
  12 orcs
  10 ball pythons
  9 bats
  8 endoplasms
  4 giant cockroaches
  6 goblins
  12 hobgoblins
  8 jackals (D:1)
  14 kobolds
  4 quokkas
  A frilled lizard (D:3)
  4 rats
104 creatures vanquished.

Notes
Turn   | Place    | Note
-------+----------+-------------------------------------------
     0 | D:1      | qw the Gargoyle Hexslinger began the quest for the Orb.
     0 | D:1      | Reached XP level 1. HP: 12/12 MP: 2/2
     0 | D:1      | 0 ||| qw: Version: 0.3-a-46-gb1f654a
     0 | D:1      | 0 ||| qw: Game counter: 2266
     0 | D:1      | 0 ||| qw: Melee chars always use a shield: true
     0 | D:1      | 0 ||| qw: God list: Okawaru
     0 | D:1      | 0 ||| qw: Allow faded altars: false
     0 | D:1      | 0 ||| qw: Do Orc after clearing Dungeon:15 true
     0 | D:1      | 0 ||| qw: Do second Lair branch before Depths: true
     0 | D:1      | 0 ||| qw: Lair rune preference: random
     0 | D:1      | 0 ||| qw: Goals: Normal
     0 | D:1      | 0 ||| PLANNING D:1-11
    23 | D:1      | 23 ||| SWAPPING to +0 orcbow.
    24 | D:1      | 24 ||| DROPPING +1 sling.
   227 | D:1      | Reached XP level 2. HP: 16/16 MP: 3/3
   249 | D:1      | You fall into a shaft and drop 1 floor!
   306 | D:2      | Reached skill level 3 in Ranged Weapons
   323 | D:2      | 323 ||| READING scroll labelled GECKYA VAODIU.
   424 | D:2      | 424 ||| DROPPING scroll of poison.
   542 | D:1      | Reached XP level 3. HP: 12/21 MP: 4/4
  1143 | D:1      | 1143 ||| UPGRADING to +0 leather armour.
  1153 | D:1      | 1153 ||| DROPPING +0 robe.
  1154 | D:1      | 1154 ||| UPGRADING to scarf of resistance.
  1159 | D:1      | 1159 ||| READING scroll labelled POGUZE HYTO.
  1160 | D:1      | 1160 ||| READING scroll labelled DAODUNICYV.
  1628 | D:2      | Reached XP level 4. HP: 26/26 MP: 5/5
  1931 | D:2      | 1931 ||| READING scroll labelled XUOF USEECLALA.
  1932 | D:2      | 1932 ||| READING scroll labelled FOLEBIGGIHIP.
  1933 | D:2      | 1933 ||| READING scroll labelled XUNNOPSUBRI.
  1934 | D:2      | 1934 ||| READING scroll labelled WOMOGO ERHIR.
  1935 | D:2      | 1935 ||| DRINKING 2 smoky red potions.
  2011 | D:3      | Found a hide-covered altar of Uskayaw.
  2013 | D:3      | Found a shimmering altar of Xom.
  2019 | D:3      | Reached skill level 4 in Ranged Weapons
  2099 | D:3      | Identified the ring of Lady Luck {rF+ rC+ rN+++ MP+9 Str-4}
  2492 | D:3      | 2492 ||| UPGRADING to ring of Lady Luck {rF+ rC+ rN+++ MP+9
                  | Str-4}.
  2557 | D:3      | 2557 ||| READING scroll labelled EZOT US JAECUTH.
  2557 | D:3      | Identified a scroll of acquirement
  2557 | D:3      | 2557 ||| ACQUIRING +3 arbalest of electrocution
  2557 | D:3      | Acquired a +3 arbalest of electrocution
  2559 | D:3      | 2559 ||| SWAPPING to +3 arbalest of electrocution.
  2560 | D:3      | 2560 ||| DROPPING +1 orcbow.
  2645 | D:4      | Noticed a black bear
  2646 | D:4      | Killed a black bear
  2647 | D:4      | Reached skill level 5 in Ranged Weapons
  2647 | D:4      | Reached XP level 5. HP: 30/30 MP: 6/6
  2726 | D:4      | Noticed a black bear
  2728 | D:4      | Killed a black bear
  2729 | D:4      | Reached skill level 3 in Fighting
  2729 | D:4      | Reached XP level 6. HP: 38/38 MP: 7/7
  2777 | D:4      | Found a snail-covered altar of Cheibriados.
  3085 | D:4      | Reached skill level 6 in Ranged Weapons
  3171 | D:4      | Noticed Blork the orc
  3181 | D:4      | HP: 5/38 [Blork the orc/+0 dire flail (10)]
  3183 | D:4      | Mangled by Blork the orc

Levels and vault maps discovered:
D:1:      amcnicky_arrival_abandoned_market, layout_loops_corners, st_stairs_9
D:2:      layout_basic
D:3:      layout_rooms, nicolae_overflow_squiral
D:4:      corexii_shantytown, layout_basic, slow_altar_1, serial_bayou,
          serial_bayou_pond_e, serial_bayou_pond_a, serial_bayou_pond_d,
          serial_bayou_pond_d, uniq_blork_the_orc

Skill      XL: |  1  2  3  4  5  6 |
---------------+-------------------+-----
Ranged Weapons | 3 5 6 |  6.1
Fighting       | 2 3 4 |  4.0
Dodging        | |  1.5
Spellcasting   | |  1.0
Hexes          | |  2.6

Action                     |  1- 3 |  4- 6 || total
---------------------------+-------+-------++-------
   Fire: Orcbow            |   100 |    63 ||   163
         Arbalest          |       |    85 ||    85
    Use: Scroll            |     3 |     5 ||     8
         Potion            |       |     1 ||     1
 Armour: Robe              |    16 |       ||    16
         Leather armour    |     4 |    25 ||    29
  Dodge: Dodged            |    32 |    36 ||    68

Table legend:
 A = Non-vault XP
 B = Vault XP
 C = Vault XP percentage of total XP
 D = Non-vault monster count
 E = Vault monster count
 F = Vault count percentage of total count
                 A         B        C        D         E       F
            +---------+---------+-------+---------+---------+-------
      Total |     477 |      98 |  17.0 |      77 |      27 |  26.0
            +---------+---------+-------+---------+---------+-------
        D:1 |      52 |       7 |  11.9 |      22 |       4 |  15.4
        D:2 |      34 |       0 |   0.0 |      23 |       0 |   0.0
        D:3 |      44 |       0 |   0.0 |      17 |       0 |   0.0
        D:4 |     347 |      91 |  20.8 |      15 |      23 |  60.5
            +---------+---------+-------+---------+---------+-------
